[gd_scene load_steps=7 format=2]

[ext_resource path="res://icon.png" type="Texture" id=1]
[ext_resource path="res://assets/map_elements/sample_obstacle.png" type="Texture" id=2]

[sub_resource type="GDScript" id=3]
script/source = "extends Node2D


onready var debug_line = $Line2D


func _on_Player_path_changed(path):
  debug_line.points = path


func _on_player_path_changed(path):
  debug_line.points = path
"

[sub_resource type="NavigationPolygon" id=1]
vertices = PoolVector2Array( 376, 0, 662, 1, 400, 56, 104, 64, 0, 0, 0, 792, 104, 184, 400, 184, 668, 787, 443, 364, 351, 363, 399, 184, 398, 322, 396, 392 )
polygons = [ PoolIntArray( 0, 1, 2, 3, 4 ), PoolIntArray( 5, 4, 3, 6 ), PoolIntArray( 7, 2, 1, 8, 9 ), PoolIntArray( 8, 5, 6, 10 ), PoolIntArray( 6, 11, 12, 10 ), PoolIntArray( 8, 10, 13 ), PoolIntArray( 8, 13, 9 ), PoolIntArray( 7, 9, 12 ), PoolIntArray( 7, 12, 7 ) ]
outlines = [ PoolVector2Array( 0, 792, 668, 787, 662, 1, 376, 0, 400, 56, 400, 184, 400, 184, 398, 322, 443, 364, 396, 392, 350, 364, 399, 322, 399, 184, 104, 184, 104, 64, 400, 56, 376, 0, 0, 0 ) ]

[sub_resource type="GDScript" id=4]
script/source = "extends KinematicBody2D

const MAX_SPEED = 250

onready var navigation_agent = $NavigationAgent2D


var did_arrive = false
var velocity = Vector2.ZERO


signal path_changed(path)

func _unhandled_input(event):
  if event is InputEventMouseButton:
    if event.button_index == BUTTON_LEFT and event.pressed:
      print('in input')
      var target_location = get_global_mouse_position()
      set_target_location(target_location)

func set_target_location(target:Vector2) -> void:
  print(\"in set target\")
  did_arrive = false
  navigation_agent.set_target_location(target)

func _physics_process(delta):
  if not visible:
    return
  
  var move_direction = position.direction_to(navigation_agent.get_next_location())
  velocity = move_direction * MAX_SPEED
  #look_at_direction(move_direction)
  #_play_animation(state)
  navigation_agent.set_velocity(velocity)
  
func _on_NavigationAgent2D_velocity_computed(safe_velocity):
  print(\"nav agent velocity computed\")
  if not navigation_agent.is_navigation_finished():
    velocity = move_and_slide(safe_velocity)
  elif not did_arrive:
    did_arrive = true
    emit_signal(\"path_changed\", [])
    emit_signal(\"target_reached\")

func _on_NavigationAgent2D_path_changed():
  emit_signal(\"path_changed\", navigation_agent.get_nav_path())
  
func _ready():
  # ensure villagers are initially set to their origin
  set_target_location(position)
"

[sub_resource type="RectangleShape2D" id=2]
extents = Vector2( 32, 32 )

[node name="Map" type="Node2D"]
script = SubResource( 3 )

[node name="NavigationPolygonInstance" type="NavigationPolygonInstance" parent="."]
navpoly = SubResource( 1 )

[node name="Line2D" type="Line2D" parent="."]
width = 5.0
default_color = Color( 0.792157, 0.792157, 0.792157, 1 )

[node name="YSort" type="YSort" parent="."]

[node name="Obstacle2" type="KinematicBody2D" parent="YSort"]
position = Vector2( 396, 361 )

[node name="Sprite" type="Sprite" parent="YSort/Obstacle2"]
texture = ExtResource( 2 )

[node name="KinematicBody2D" type="KinematicBody2D" parent="YSort"]
position = Vector2( 272, 416 )
collision_layer = 2
moving_platform_apply_velocity_on_leave = 1
script = SubResource( 4 )
__meta__ = {
"_edit_group_": true
}

[node name="Sprite" type="Sprite" parent="YSort/KinematicBody2D"]
texture = ExtResource( 1 )

[node name="CollisionShape2D" type="CollisionShape2D" parent="YSort/KinematicBody2D"]
shape = SubResource( 2 )

[node name="NavigationAgent2D" type="NavigationAgent2D" parent="YSort/KinematicBody2D"]
path_desired_distance = 9.21
avoidance_enabled = true
radius = 70.86

[connection signal="path_changed" from="YSort/KinematicBody2D" to="." method="_on_player_path_changed"]
[connection signal="path_changed" from="YSort/KinematicBody2D/NavigationAgent2D" to="YSort/KinematicBody2D" method="_on_NavigationAgent2D_path_changed"]
[connection signal="velocity_computed" from="YSort/KinematicBody2D/NavigationAgent2D" to="YSort/KinematicBody2D" method="_on_NavigationAgent2D_velocity_computed"]
